 Dungeon Crawl Stone Soup version 0.29.1-12-g30fa7ad0bf (webtiles) character file.

Game seed: 9587148305404168806

67629 mortz the Blocker (level 15, -11/120 HPs)
             Began as a Gnoll Fighter on Dec 22, 2022.
             Was a Follower of Uskayaw.
             Shot with an arrow by a centaur warrior (21 damage)
             ... on level 14 of the Dungeon on Dec 23, 2022.
             The game lasted 02:06:03 (23381 turns).

mortz the Blocker (Gnoll Fighter)                  Turns: 23381, Time: 02:06:03

Health: -11/120    AC: 26    Str: 21    XL:     15   Next: 23%
Magic:  29/29      EV: 17    Int:  8    God:    Uskayaw [*.....]
Gold:   2500       SH:  0    Dex: 24    Spells: 24/34 levels left

rFire   . . .      SeeInvis +   a - +7 Throatcutter {drain, coup de grace}
rCold   . . .      Faith    .   (no shield)
rNeg    + . .      Spirit   .   R - +0 pearl dragon scales
rPois   +          Reflect  .   g - +2 hat {SInv}
rElec   .          Harm     .   K - +2 cloak {Will+}
rCorr   .          Rampage  .   M - +1 pair of gloves
Will    +++..                   p - +1 pair of boots of Death's Door {+Blink rPois Str+5 Slay+2}
Stlth   +++.......              y - amulet of regeneration
HPRegen 1.10/turn               P - +6 ring of dexterity
MPRegen 0.21/turn               S - ring of willpower

@: about to teleport
A: fangs 1, strong nose, distributed training
a: Renounce Religion, Evoke Blink, Stomp


You were on level 14 of the Dungeon.
You worshipped Uskayaw.
Uskayaw was aware of your devotion.
You visited 3 branches of the dungeon, and saw 21 of its levels.
You also visited: Sewer.

You collected 2580 gold pieces.
You spent 80 gold pieces at shops.

Inventory:

Hand Weapons
 a - the +7 Throatcutter (weapon) {drain, coup de grace}
   (You found it on level 6 of the Dungeon)

   A truly terrible weapon, it drains the life of any living foe it strikes.
   It may instantly kill foes which have little health.
 b - a +6 arbalest of venom
 C - the +9 dire flail of Wabbyfea {vorpal, +Blink Dex-3 Stlth+}
   (You found it on level 2 of the Lair of Beasts)

   It inflicts extra damage upon your enemies.
   Dex:       It affects your dexterity (-3).
   +Blink:    It lets you blink.
   Stlth:     It makes you more stealthy.
 Y - a +5 hand axe
Missiles
 h - 12 curare-tipped darts
 k - 7 silver javelins
Armour
 g - a +2 hat of see invisible (worn)
 n - +0 acid dragon scales
 p - the +1 pair of boots of Death's Door (worn) {+Blink rPois Str+5 Slay+2}
   (You found it on level 7 of the Dungeon)

   Str:       It affects your strength (+5).
   Slay:      It affects your accuracy & damage with ranged weapons and melee
   (+2).
   rPois:     It protects you from poison.
   +Blink:    It lets you blink.
 B - the +1 leather armour of the Past {rElec rPois Dex-4 Slay+4}
   (You found it on level 4 of the Dungeon)

   Dex:       It affects your dexterity (-4).
   Slay:      It affects your accuracy & damage with ranged weapons and melee
   (+4).
   rElec:     It insulates you from electricity.
   rPois:     It protects you from poison.
 K - a +2 cloak of willpower (worn)
 M - a +1 pair of gloves (worn)
 R - +0 pearl dragon scales (worn)
 T - a +2 troll leather armour {Snorg}
Jewellery
 v - a ring of flight
 y - an amulet of regeneration (around neck)
 z - an amulet of magic regeneration
 D - a ring of positive energy
 J - a ring of wizardry
 P - a +6 ring of dexterity (left hand)
 S - a ring of willpower (right hand)
 Z - a +6 ring of strength
Wands
 s - a wand of flame (6)
 t - a wand of mindburst (6)
 u - a wand of roots (6)
 L - a wand of paralysis (10)
 W - a wand of polymorph (8)
 X - a wand of light (10)
Scrolls
 c - 2 scrolls of torment
 e - 6 scrolls of identify
 i - 2 scrolls of fear
 m - 2 scrolls of butterflies
 o - 5 scrolls of amnesia
 A - 4 scrolls of magic mapping
 N - 7 scrolls of teleportation
 O - 4 scrolls of immolation
 U - 2 scrolls of poison
 V - a scroll of blinking
Potions
 d - 2 potions of might
 f - 4 potions of flight
 j - 3 potions of invisibility
 l - a potion of cancellation
 q - 5 potions of resistance
 r - 2 potions of attraction
 w - 5 potions of lignification
 x - 2 potions of heal wounds
 E - 3 potions of haste
 F - 2 potions of mutation
 G - 7 potions of curing
 H - 3 potions of brilliance
 I - 2 potions of berserk rage
Miscellaneous
 Q - a phantom mirror


   Skills:
 + Level 12.1 Fighting
 + Level 11.2 Short Blades
 + Level 10.3 Long Blades
 + Level 10.3 Axes
 + Level 10.3 Maces & Flails
 + Level 10.3 Polearms
 + Level 10.3 Staves
 + Level 10.3 Ranged Weapons
 + Level 10.3 Throwing
 + Level 12.1 Armour
 + Level 10.3 Dodging
 + Level 10.3 Stealth
 + Level 12.1 Shields
 + Level 10.3 Unarmed Combat
 + Level 10.3 Spellcasting
 + Level 8.6 Conjurations
 + Level 8.6 Hexes
 + Level 8.6 Summonings
 + Level 8.6 Necromancy
 + Level 8.6 Translocations
 + Level 8.6 Transmutations
 + Level 8.6 Fire Magic
 + Level 8.6 Ice Magic
 + Level 8.6 Air Magic
 + Level 8.6 Earth Magic
 + Level 8.6 Poison Magic
 + Level 11.2 Invocations
 + Level 10.3 Evocations


You had 24 spell levels left.
You knew the following spells:

 Your Spells              Type           Power      Damage    Failure   Level
c - Call Canine Familiar  Summ           17%        N/A       3%          3
g - Gell's Gravitas       Tloc           17%        N/A       3%          3
m - Summon Small Mammal   Summ           68%        N/A       1%          1
r - Frozen Ramparts       Ice            34%        1d6       3%          3

Your spell library contained the following spells:

 Spells                   Type           Power      Damage    Failure   Level
 Freeze                   Ice            68%        1d8       1%          1
 Blink                    Tloc           34%        N/A       1%          2
 Ignite Poison            Fire/Tmut/Pois 17%        N/A       3%          3
 Ozocubu's Armour         Ice            17%        N/A       3%          3
 Summon Guardian Golem    Hex/Summ       17%        N/A       3%          3
 Teleport Other           Tloc           17%        N/A       3%          3
 Corpse Rot               Necr/Pois/Air  17%        N/A       11%         4
 Hailstorm                Conj/Ice       17%        3d6       11%         4
 Fireball                 Conj/Fire      8%         3d6       30%         5
 Freezing Cloud           Conj/Ice/Air   8%         6-21      30%         5
 Iskenderun's Battlesphe  Conj           17%        2d7       30%         5
 Manifold Assault         Tloc           17%        N/A       30%         5
 Metabolic Englaciation   Hex/Ice        8%         N/A       30%         5
 Conjure Ball Lightning   Conj/Air       8%         3x3d6     86%         6
 Dispersal                Tloc           8%         N/A       86%         6
 Simulacrum               Ice/Necr       8%         N/A       86%         6
 Orb of Destruction       Conj           8%         9d6       100%        7
 Storm Form               Tmut/Air       8%         N/A       100%        7
 Polar Vortex             Ice            8%         N/A       100%        9


Dungeon Overview and Level Annotations

Branches:
Dungeon (14/15) Zot: 26764  Temple (0/1) D:7            Lair (5/5) D:10 Zot: 24410
 Shoals (0/4) Lair:2       Spider (0/4) Lair:2        Slime (0/5) Lair:5
    Orc (2/2) D:12 Zot: 10442     Elf (0/3) Orc:2        Vaults (0/5) D:13
  Sewer (visited)

Altars:
Cheibriados
Dithmenos
Elyvilon
Fedhas
Makhleb
Qazlal
Ru
Uskayaw
Vehumet
Wu Jian
Xom
Zin
The Shining One

Shops:
D:5 ((   Orc:2 *([=

Annotations:
D:3 exclusion: oklob plant
D:9 1 runed translucent door, superradish's ghost, journeyman OpBr
Orc:2 3 runed translucent doors, hilljack's ghost, adept HuIE


Innate Abilities, Weirdness & Mutations

You have very sharp teeth.
Your uncanny sense of smell can sniff out nearby items.
Your experience applies equally to all skills.


Message History

The yaktaur unwields a +1 arbalest of freezing.
As you read the scroll of teleportation, it crumbles to dust.
You feel strangely unstable.
A centaur comes into view.
The yaktaur closely misses you. The yaktaur attacks as you move away!
A centaur comes into view.
The centaur warrior wields a +0 longbow.
The centaur warrior shoots an arrow.
A centaur comes into view.
The yaktaur wields a +1 arbalest of freezing.
It is covered in frost.
The yaktaur shoots a bolt.
The bolt hits you!
* * * LOW HITPOINT WARNING * * *
The bolt freezes you.
* * * LOW HITPOINT WARNING * * *
The centaur shouts!
You hear a shout!
Okay, then.
Blink to where?
Press: ? - help, Dir - move target, p - yaktaur
As you read the scroll of blinking, it crumbles to dust.
The centaur warrior shoots an arrow.
The arrow hits you.
* * * LOW HITPOINT WARNING * * *
You hear a shout! x2
You stop ascending the stairs.
Your surroundings seem slightly different.
The centaur warrior shoots an arrow.
The arrow barely misses you.
The centaur wields a +0 shortbow.
The centaur shoots an arrow. x2
The arrow hits you!
* * * LOW HITPOINT WARNING * * *
As you read the scroll of teleportation, it crumbles to dust.
You feel strangely unstable.
The centaur shoots an arrow.
The arrow hits you.
* * * LOW HITPOINT WARNING * * *
The centaur warrior shoots an arrow.
The arrow hits you!
* * * LOW HITPOINT WARNING * * *
You hear a shout!
Blink to where?
Press: ? - help, Dir - move target
As you read the scroll of blinking, it crumbles to dust.
The centaur warrior shoots an arrow.
The arrow hits you!!
You die...

.......c#.##.##.#####....#
......cc#.c.........#..#...#
........# #9. #ยง###..# ###
........# . #..c...#
...c..c.# #..###.# .c..c...#
.....# ... ........#
#...#.## ##.#
........##.######.# ##
..#.....##......@.#
8c#.........####### .
#####.#


You could see a centaur warrior.

Vanquished Creatures
  Jorgrun (D:13)
  Gastronok (D:8)
  An orc warlord (Orc:2)
  Nessos (D:13)
  Snorg (D:11)
  An ettin (Orc:1)
  Harold (D:11)
  2 hydras
  4 catoblepae (Lair:5)
  2 boulder beetles
  3 two-headed ogres
  2 dancing weapons (D:13)
  9 death yaks
  Urug (Orc:2)
  A tengu warrior (D:14)
  An orc high priest (Orc:2)
  Lodul (D:12)
  2 orc knights (Orc:2)
  2 deep elf pyromancers
  An ugly thing (D:13)
  2 cyclopes
  5 manticores
  2 orc sorcerers (Orc:2)
  6 black mambas
  14 elephants
  11 cane toads
  5 unseen horrors
  3 gargoyles
  A torpor snail (Lair:4)
  8 komodo dragons
  3 kobold demonologists
  Maggie (D:8)
  A yaktaur (D:14)
  4 polar bears
  5 trolls
  12 blink frogs
  A hornet (D:7)
  5 slime creatures
  5 dream sheep (Lair:5)
  A snapping turtle (Lair:2)
  A wraith (D:11)
  A spriggan (Lair:3)
  3 shadows
  25 yaks
  5 wyverns
  A basilisk (Lair:2)
  3 steam dragons
  6 vampire mosquitoes (D:12)
  3 wargs (Orc:2)
  4 acid dragons
  16 water moccasins
  Pargi (D:2)
  19 orc warriors
  3 ice beasts
  A black bear (Lair:3)
  A sky beast (D:7)
  11 ogres
  22 wolves
  10 centaurs
  A phantom (D:3)
  11 kobold brigands
  Blork the orc (Orc:2)
  5 bullfrogs
  2 necrophages
  4 scorpions
  13 wights
  7 killer bees
  5 spriggan skeletons (D:9)
  A troll skeleton (D:9)
  2 electric eels
  3 hounds
  2 gnoll boudas (D:4)
  2 jellies
  Crazy Yiuf (D:6)
  15 orc priests
  Natasha (thrice) (D:3)
  5 iguanas
  20 orc wizards
  8 adders
  23 gnolls
  A shadow imp (D:7)
  A white imp (D:8)
  48 orcs
  9 ball pythons
  9 endoplasms
  9 giant cockroaches
  6 goblins
  11 hobgoblins
  3 jackals (D:1)
  4 quokkas
  3 bats
  6 frilled lizards
  19 kobolds
  7 rats
539 creatures vanquished.

Vanquished Creatures (others)
  An unseen horror (D:7)
  An ufetubus (D:5)
  8 fungi
  10 plants
  2 withered plants (D:9)
22 creatures vanquished.

Grand Total: 561 creatures vanquished

Notes
Turn   | Place    | Note
-------+----------+-------------------------------------------
     0 | D:1      | mortz the Gnoll Fighter began the quest for the Orb.
     0 | D:1      | Reached XP level 1. HP: 23/23 MP: 1/1
   132 | D:1      | Reached XP level 2. HP: 29/29 MP: 2/2
   756 | D:1      | Reached XP level 3. HP: 28/35 MP: 3/3
  1158 | D:1      | Reached skill level 1 in Invocations
  1182 | D:1      | Found a faded altar of an unknown god.
  1398 | D:2      | Reached skill level 1 in Long Blades
  1398 | D:2      | Reached skill level 1 in Axes
  1398 | D:2      | Reached skill level 1 in Maces & Flails
  1398 | D:2      | Reached skill level 1 in Polearms
  1398 | D:2      | Reached skill level 1 in Staves
  1398 | D:2      | Reached skill level 1 in Ranged Weapons
  1398 | D:2      | Reached skill level 1 in Throwing
  1398 | D:2      | Reached skill level 1 in Dodging
  1398 | D:2      | Reached skill level 1 in Stealth
  1398 | D:2      | Reached skill level 1 in Unarmed Combat
  1398 | D:2      | Reached skill level 1 in Spellcasting
  1398 | D:2      | Reached skill level 1 in Evocations
  1612 | D:2      | Reached XP level 4. HP: 41/41 MP: 5/5
  1856 | D:2      | Reached skill level 1 in Conjurations
  1856 | D:2      | Reached skill level 1 in Hexes
  1856 | D:2      | Reached skill level 1 in Summonings
  1856 | D:2      | Reached skill level 1 in Necromancy
  1856 | D:2      | Reached skill level 1 in Translocations
  1856 | D:2      | Reached skill level 1 in Transmutations
  1856 | D:2      | Reached skill level 1 in Fire Magic
  1856 | D:2      | Reached skill level 1 in Ice Magic
  1856 | D:2      | Reached skill level 1 in Air Magic
  1856 | D:2      | Reached skill level 1 in Earth Magic
  1856 | D:2      | Reached skill level 1 in Poison Magic
  2427 | D:2      | Reached XP level 5. HP: 47/47 MP: 5/7
  2750 | D:3      | Noticed Pargi
  2769 | D:2      | Killed Pargi
  2781 | D:3      | Reached XP level 6. HP: 36/53 MP: 8/8
  2974 | D:3      | Reached skill level 5 in Short Blades
  3200 | D:3      | Found a shadowy altar of Dithmenos.
  3307 | D:3      | Found a snail-covered altar of Cheibriados.
  3435 | D:3      | Found a blossoming altar of Fedhas.
  3446 | D:3      | Noticed an oklob plant
  3600 | D:3      | Noticed Natasha
  3606 | D:3      | Killed Natasha
  3674 | D:3      | Noticed Natasha
  3682 | D:3      | Killed Natasha
  3741 | D:3      | Noticed Natasha
  3742 | D:3      | Killed Natasha
  4390 | D:4      | Found a stormy altar of Qazlal.
  4433 | D:4      | Identified the +1 leather armour of the Past {rElec rPois
                  | Dex-4 Slay+4}
  4497 | D:4      | Reached XP level 7. HP: 14/60 MP: 10/10
  5050 | D:4      | Got the Compendium of the Fiery Wind
  5610 | D:5      | Entered Level 5 of the Dungeon
  5979 | D:5      | Found Hoigas's Weapon Shoppe.
  5990 | D:5      | Learned a level 1 spell: Summon Small Mammal
  6135 | D:5      | Reached XP level 8. HP: 67/67 MP: 12/12
  6243 | D:5      | Found Xoeggam's Jewellery Boutique.
  6248 | D:5      | Found Juunet's Weapon Shoppe.
  6660 | D:6      | Found a glowing silver altar of Zin.
  6720 | D:6      | Found the +7 Throatcutter {drain, coup de grace}
  6720 | D:6      | Noticed a kobold demonologist
  6729 | D:6      | Noticed an orange demon
  6733 | D:6      | Killed a kobold demonologist
  6746 | D:6      | Reached XP level 9. HP: 28/73 MP: 14/14
  7081 | D:6      | Found a glowing drain.
  7095 | Sewer    | Entered a sewer
  7729 | D:6      | Found a shimmering altar of Xom.
  7730 | D:6      | Found a white marble altar of Elyvilon.
  7743 | D:6      | Learned a level 3 spell: Call Canine Familiar
  7747 | D:6      | Learned a level 3 spell: Gell's Gravitas
  7755 | D:6      | Reached skill level 5 in Invocations
  8128 | D:6      | Found a sacrificial altar of Ru.
  8275 | D:6      | Found a runed translucent door.
  8276 | D:6      | Noticed Crazy Yiuf
  8512 | D:6      | Killed Crazy Yiuf
  8602 | D:7      | Noticed a hornet
  8611 | D:7      | Killed a hornet
  8780 | D:7      | Found a hide-covered altar of Uskayaw.
  8785 | D:7      | Noticed a +0 hand axe
  8786 | D:7      | Noticed a +0 hand axe
  8790 | D:7      | Became a worshipper of Uskayaw the Reveller
  8795 | D:7      | Reached * piety under Uskayaw
  8864 | D:7      | Reached ** piety under Uskayaw
  9216 | D:7      | Found an ornate altar of the Wu Jian Council.
  9334 | D:7      | Reached skill level 5 in Long Blades
  9334 | D:7      | Reached skill level 5 in Axes
  9334 | D:7      | Reached skill level 5 in Maces & Flails
  9334 | D:7      | Reached skill level 5 in Polearms
  9334 | D:7      | Reached skill level 5 in Staves
  9334 | D:7      | Reached skill level 5 in Ranged Weapons
  9334 | D:7      | Reached skill level 5 in Throwing
  9334 | D:7      | Reached skill level 5 in Dodging
  9334 | D:7      | Reached skill level 5 in Stealth
  9334 | D:7      | Reached skill level 5 in Unarmed Combat
  9334 | D:7      | Reached skill level 5 in Spellcasting
  9334 | D:7      | Reached skill level 5 in Evocations
  9334 | D:7      | Reached XP level 10. HP: 81/81 MP: 17/17
  9341 | D:7      | Reached *** piety under Uskayaw
  9343 | D:7      | Reached **** piety under Uskayaw
  9346 | D:7      | Reached ***** piety under Uskayaw
  9403 | D:7      | Noticed a boulder beetle
  9404 | D:7      | Noticed a cyclops
  9404 | D:7      | Noticed a gargoyle
  9431 | D:7      | Killed an unseen horror
  9437 | D:7      | Killed a gargoyle
  9441 | D:7      | Killed an unseen horror
  9441 | D:7      | Reached ****** piety under Uskayaw
  9445 | D:7      | Killed a cyclops
  9448 | D:7      | Identified the +5 ring mail "Fycsic" {Str+3}
  9453 | D:7      | Killed a boulder beetle
  9454 | D:7      | Identified the +1 pair of boots of Death's Door {+Blink
                  | rPois Str+5 Slay+2}
  9466 | D:7      | Identified the +1 robe of Uraepsie {rCorr Dex+2}
  9798 | D:7      | Found a staircase to the Ecumenical Temple.
  9956 | D:7      | Killed an unseen horror
  9957 | D:7      | Reached skill level 5 in Conjurations
  9957 | D:7      | Reached skill level 5 in Hexes
  9957 | D:7      | Reached skill level 5 in Summonings
  9957 | D:7      | Reached skill level 5 in Necromancy
  9957 | D:7      | Reached skill level 5 in Translocations
  9957 | D:7      | Reached skill level 5 in Transmutations
  9957 | D:7      | Reached skill level 5 in Fire Magic
  9957 | D:7      | Reached skill level 5 in Ice Magic
  9957 | D:7      | Reached skill level 5 in Air Magic
  9957 | D:7      | Reached skill level 5 in Earth Magic
  9957 | D:7      | Reached skill level 5 in Poison Magic
  9957 | D:7      | Reached XP level 11. HP: 63/89 MP: 18/20
 10830 | D:8      | Noticed Gastronok
 10881 | D:8      | Killed Gastronok
 11009 | D:8      | Noticed Maggie
 11014 | D:8      | Killed Maggie
 11405 | D:9      | Found a runed translucent door.
 11406 | D:9      | Noticed superradish's ghost (journeyman OpBr)
 11463 | D:9      | Noticed a two-headed ogre
 11472 | D:9      | Killed a two-headed ogre
 11532 | D:9      | Found a burning altar of Makhleb.
 11968 | D:10     | Entered Level 10 of the Dungeon
 12059 | D:10     | Noticed a two-headed ogre
 12062 | D:10     | Killed a two-headed ogre
 12133 | D:10     | Found a staircase to the Lair.
 12201 | D:10     | Reached XP level 12. HP: 97/97 MP: 22/22
 12254 | D:10     | Noticed a two-headed ogre
 12265 | D:10     | Killed a two-headed ogre
 12443 | D:10     | Found a radiant altar of Vehumet.
 12614 | Lair:1   | Entered Level 1 of the Lair of Beasts
 12922 | Lair:1   | Reached skill level 10 in Fighting
 12922 | Lair:1   | Reached skill level 10 in Armour
 12922 | Lair:1   | Reached skill level 10 in Shields
 13910 | Lair:2   | Identified the +9 dire flail of Wabbyfea {vorpal, +Blink
                  | Dex-3 Stlth+}
 13931 | Lair:2   | Found a hole to the Spider Nest.
 14727 | Lair:2   | Found a staircase to the Shoals.
 14972 | Lair:3   | Reached XP level 13. HP: 104/104 MP: 25/25
 16552 | Lair:4   | Found a shadowy altar of Dithmenos.
 16832 | Lair:5   | Entered Level 5 of the Lair of Beasts
 16832 | Lair:5   | Found a staircase to the Slime Pits.
 16945 | Lair:5   | Reached skill level 10 in Short Blades
 17483 | Lair:5   | Reached skill level 10 in Invocations
 17483 | Lair:5   | Reached XP level 14. HP: 113/113 MP: 27/27
 18151 | D:11     | Noticed Snorg
 18161 | D:11     | Killed Snorg
 18306 | D:11     | Learned a level 3 spell: Frozen Ramparts
 18549 | D:11     | Noticed Harold
 18556 | D:11     | Killed Harold
 19077 | D:12     | Noticed Lodul
 19088 | D:12     | Killed Lodul
 19309 | D:12     | Found a staircase to the Orcish Mines.
 19449 | D:12     | Found a glowing golden altar of the Shining One.
 20042 | Orc:1    | Entered Level 1 of the Orcish Mines
 20137 | Orc:2    | Entered Level 2 of the Orcish Mines
 20382 | Orc:2    | Found a staircase to the Elven Halls.
 20409 | Orc:2    | Noticed an orc warlord
 20410 | Orc:2    | Noticed Blork the orc
 20424 | Orc:2    | Killed an orc warlord
 20434 | Orc:2    | Killed Blork the orc
 20458 | Orc:2    | Noticed Urug
 20464 | Orc:2    | Killed Urug
 20480 | Orc:2    | Reached skill level 10 in Long Blades
 20480 | Orc:2    | Reached skill level 10 in Axes
 20480 | Orc:2    | Reached skill level 10 in Maces & Flails
 20480 | Orc:2    | Reached skill level 10 in Polearms
 20480 | Orc:2    | Reached skill level 10 in Staves
 20480 | Orc:2    | Reached skill level 10 in Ranged Weapons
 20480 | Orc:2    | Reached skill level 10 in Throwing
 20480 | Orc:2    | Reached skill level 10 in Dodging
 20480 | Orc:2    | Reached skill level 10 in Stealth
 20480 | Orc:2    | Reached skill level 10 in Unarmed Combat
 20480 | Orc:2    | Reached skill level 10 in Spellcasting
 20480 | Orc:2    | Reached skill level 10 in Evocations
 20507 | Orc:2    | Found Viwuah's Antique Weapon Shoppe.
 20511 | Orc:2    | Found Ludouq's Jewellery Shoppe.
 20711 | Orc:2    | Found a runed translucent gate.
 20712 | Orc:2    | Found a runed translucent gate.
 20712 | Orc:2    | Identified the +1 plate armour of the Gardener {rPois rF+}
 20712 | Orc:2    | Identified the ring "Ceotte" {Wiz rPois rF- rC+ rN++}
 20712 | Orc:2    | Noticed hilljack's ghost (adept HuIE)
 20713 | Orc:2    | Found a runed translucent gate.
 20715 | Orc:2    | Identified the +12 sling "Ded Kesh" {speed, Drain rC+++
                  | Str-5 Dex+3}
 20830 | Orc:2    | Found Foguit's Antique Armour Shoppe.
 20845 | Orc:2    | Found Imil's General Store.
 20852 | Orc:2    | Bought a potion of heal wounds for 80 gold pieces
 21416 | Orc:1    | Reached XP level 15. HP: 101/120 MP: 29/29
 21792 | D:12     | Found a glowing golden altar of the Shining One.
 21970 | D:12     | Found a staircase to the Orcish Mines.
 22698 | D:13     | Noticed Jorgrun
 22703 | D:13     | Noticed Nessos
 22707 | D:13     | Killed Jorgrun
 22721 | D:13     | Killed Nessos
 22831 | D:13     | Found a gate to the Vaults.
 23381 | D:14     | Shot with an arrow by a centaur warrior

Illustrated notes

Levels and vault maps discovered:
D:1:      lemuel_arrival_muddy, layout_basic,
          hellmonk_ecumenical_altar_prayer_group
D:2:      layout_basic
D:3:      layout_basic, tgw_fedhas, mainiacjoe_overflow_chevrons,
          mainiacjoe_overflow_cross_hatched, uniq_natasha, uniq_pargi
D:4:      layout_layer_cave, mainiacjoe_overflow_paths
D:5:      layout_cave_pools, serial_shops, shop, nicolae_shop_trees, shop,
          grunt_decor_fettered
D:6:      layout_loops_corners, old_standard_altar, nicolae_overflow_squiral,
          general_overflow_altar, gup_sewer_entry_pipe,
          minmay_misc_feat_secret_circle, dilly_guarded_unrand_throatcut,
          uniq_crazy_yiuf_cottage
D:7:      minmay_the_grid_triangle_9x9_rhombus_thin
          [minmay_the_grid_triangle_9x9_shrine,
          minmay_the_grid_triangle_9x9_prize_center,
          minmay_the_grid_triangle_9x9_skeleton,
          minmay_the_grid_triangle_9x9_descending_squares], layout_loops_ring,
          mainiacjoe_overflow_boulevard, dancing_weapons_uskayaw
D:8:      layout_loops_cross, uniq_maggie, uniq_gastronok
D:9:      layout_basic, mainiacjoe_overflow_24_doors, gammafunk_ghost_grave,
          hangedman_tell_no_tales
D:10:     layout_roguey, lemuel_tele_altar, lair_entry_dummy, minivault_24,
          nicolae_lava_and_water
D:11:     layout_stronghold, chequers_arboretum, hangedman_decor_peaks_small,
          uniq_snorg, uniq_harold
D:12:     layout_gridville, orc_0_dummy, nicolae_tso_carved_into_rock,
          uniq_lodul
D:13:     layout_grid_maze, erik_vaults_1, serial_glass, glass_columns_c,
          glass_columns_a, uniq_jorgrun, uniq_nessos
D:14:     layout_basic, chequers_decorated_corner, serial_shops,
          nicolae_diamond_shop, hangedman_decor_clover_reticule
Lair:1:   beast_lair_carwin_large_2, layout_layer_cave, guppyfry_lair_drakes,
          lemuel_fruit_fields
Lair:2:   layout_cellular_growth, minmay_shoals_entry_hut,
          spider_nest_entry_web_field
Lair:3:   layout_cave_pods, eino_small_chamber_without_monster,
          grunt_forest_stairs_clearing
Lair:4:   layout_cave_pods, basic_altar
Lair:5:   evilmike_catoblepas_cave, layout_misc_corridors, slime_entry_1
Orc:1:    layout_caves
Orc:2:    grunt_orc_cross, layout_diamond_mine, biasface_ghost_orc_armoury,
          mines1_david

Skill      XL: |  1  2  3  4  5  6  7  8  9 10 11 12 13 14 15 |
---------------+----------------------------------------------+-----
Invocations    | 1 2 3 4 5 6 7 8 10 11 | 11.2
Long Blades    | 1 2 3 5 6 7 8 9 10 | 10.3
Axes           | 1 2 3 5 6 7 8 9 10 | 10.3
Maces & Flails | 1 2 3 5 6 7 8 9 10 | 10.3
Polearms       | 1 2 3 5 6 7 8 9 10 | 10.3
Staves         | 1 2 3 5 6 7 8 9 10 | 10.3
Ranged Weapons | 1 2 3 5 6 7 8 9 10 | 10.3
Throwing       | 1 2 3 5 6 7 8 9 10 | 10.3
Dodging        | 1 2 3 5 6 7 8 9 10 | 10.3
Stealth        | 1 2 3 5 6 7 8 9 10 | 10.3
Unarmed Combat | 1 2 3 5 6 7 8 9 10 | 10.3
Spellcasting   | 1 2 3 5 6 7 8 9 10 | 10.3
Evocations     | 1 2 3 5 6 7 8 9 10 | 10.3
Conjurations   | 1 2 3 4 5 6 7 8 |  8.6
Hexes          | 1 2 3 4 5 6 7 8 |  8.6
Summonings     | 1 2 3 4 5 6 7 8 |  8.6
Necromancy     | 1 2 3 4 5 6 7 8 |  8.6
Translocations | 1 2 3 4 5 6 7 8 |  8.6
Transmutations | 1 2 3 4 5 6 7 8 |  8.6
Fire Magic     | 1 2 3 4 5 6 7 8 |  8.6
Ice Magic      | 1 2 3 4 5 6 7 8 |  8.6
Air Magic      | 1 2 3 4 5 6 7 8 |  8.6
Earth Magic    | 1 2 3 4 5 6 7 8 |  8.6
Poison Magic   | 1 2 3 4 5 6 7 8 |  8.6
Short Blades   | 5 6 7 8 9 10 11 | 11.2
Fighting       | 7 8 9 10 11 12 | 12.1
Armour         | 7 8 9 10 11 12 | 12.1
Shields        | 7 8 9 10 11 12 | 12.1

Action                   |  1- 3 |  4- 6 |  7- 9 | 10-12 | 13-15 || total
-------------------------+-------+-------+-------+-------+-------++-------
Melee: Rapier            |    38 |       |       |       |       ||    38
       Bite              |     4 |     2 |    16 |    33 |    53 ||   108
       Short sword       |     2 |    55 |    69 |       |       ||   126
       Long sword        |       |       |    73 |   190 |   333 ||   596
       Punch             |       |       |     2 |    11 |    20 ||    33
 Fire: Arbalest          |    79 |   127 |   114 |   220 |   390 ||   930
Throw: Stone             |       |       |     1 |       |       ||     1
 Cast: Summon Small Mamm |       |       |     3 |       |       ||     3
Invok: Stomp             |       |       |       |     1 |       ||     1
       Line Pass         |       |       |       |     1 |       ||     1
Evoke: Wand              |       |       |       |       |     2 ||     2
  Use: Scroll            |     1 |    11 |    10 |     9 |    10 ||    41
       Potion            |       |     3 |     1 |     4 |     5 ||    13
 Stab: Sleeping          |       |       |     6 |     4 |     1 ||    11
       Paralysed         |       |       |       |    12 |    43 ||    55
       Held in net/web   |       |       |       |     2 |       ||     2
Armor: Scale mail        |    45 |    61 |       |       |       ||   106
       Chain mail        |       |    16 |       |       |       ||    16
       Leather armour    |       |     5 |    71 |    26 |       ||   102
       Troll leather arm |       |       |       |    80 |   108 ||   188
       Pearl dragon scal |       |       |       |       |   106 ||   106
Dodge: Dodged            |    57 |    96 |   129 |   227 |   432 ||   941
Block: Buckler           |     3 |       |       |       |       ||     3
